 Dungeon Crawl Stone Soup version 0.25-a0-110-ge29c8f2358 (webtiles) character file.

Game seed: 6747526335865818744, levelgen mode: deterministic

15 Esekla the Skirmisher (level 2, 17/24 HPs)
             Began as a Demonspawn Wanderer on Nov 19, 2019.
             Got out of the dungeon alive.
             The game lasted 00:05:24 (502 turns).

Esekla the Skirmisher (Demonspawn Wanderer)          Turns: 502, Time: 00:05:26

Health: 17/24      AC:  2    Str: 13    XL:     2   Next: 34%
Magic:  2/3        EV: 11    Int: 12    God:
Gold:   16         SH:  0    Dex: 12    Spells: 2/3 levels left

rFire    . . .     SeeInvis .   e - +0 dagger
rCold    . . .     Gourm    .   (no shield)
rNeg     . . .     Faith    .   d - +0 robe
rPois    .         Spirit   .   (no helmet)
rElec    .         Reflect  .   (no cloak)
rCorr    .         Harm     .   (no gloves)
MR       .....                  (no boots)
Stlth    ++........             (no amulet)
HPRegen  0.08/turn              (no ring)
MPRegen  0.08/turn              (no ring)

@: very slightly contaminated
A: demonic guardian 1
a: no special abilities


You escaped.
You were not hungry.

You visited 1 branch of the dungeon, and saw 1 of its levels.

You collected 16 gold pieces.

Inventory:

Hand Weapons
 e - a +0 dagger (weapon)
Armour
 d - a +0 robe (worn)
Potions
 b - a potion of magic {unknown}
 c - a potion of curing
Comestibles
 f - 3 rations


   Skills:
 + Level 3.4 Fighting
   Level 1.0 Crossbows
 + Level 1.0 Armour
 - Level 1.0 Stealth
   Level 1.0 Shields
 * Level 1.3 Spellcasting
 * Level 0.7 Air Magic
   Level 1.7 Earth Magic


You had 2 spell levels left.
You knew the following spells:

 Your Spells              Type           Power        Failure   Level  Hunger
e - Shock                 Conj/Air       #...         26%         1    ##.....

Your spell library contained the following spells:

 Spells                   Type           Power        Failure   Level  Hunger
 Sandblast                Erth           #.....       14%         1    ##.....
 Passwall                 Tmut/Erth      #.......     30%         2    ###....
 Stone Arrow              Conj/Erth      #.....       52%         3    ####...
 Mephitic Cloud           Conj/Pois/Air  #.......     61%         3    ####...
 Petrify                  Tmut/Erth      #.......     90%         4    #####..
 Lee's Rapid Deconstruct  Erth           #.........   98%         5    ######.


Dungeon Overview and Level Annotations

Branches:
Dungeon (1/15)

Altars:


Innate Abilities, Weirdness & Mutations

A weak demonic guardian rushes to your aid.


Message History

Casting: Shock (safe; 26% risk of failure)
Confirm with . or Enter, or press ? or * to list all spells.
Aiming: Shock (safe; 26% risk of failure)
Press: ? - help, Shift-Dir - straight line You miscast Shock.
Your hair stands on end.
The giant cockroach closely misses you.
You hit the giant cockroach but do no damage.
The giant cockroach is heavily wounded.
The giant cockroach misses you.
You hit the giant cockroach.
The giant cockroach is severely wounded.
The giant cockroach bites you but does no damage.
You hit the giant cockroach.
You kill the giant cockroach!
You see here a giant cockroach corpse.
You open the door.
There is an open door here.
There is a staircase leading out of the dungeon here.
Are you sure you want to leave the Dungeon?
This will make you lose the game!
You have escaped!

##### ######.@.######
###.............###
###.................###
#.'.................'.#
#.#.................#.#
####.###.............###.#
#.))...###.........### #.#
#.####...###.....### #.#
#.########.........### #.#


There were no monsters in sight!

Vanquished Creatures
  A leopard gecko (D:1)
  2 giant cockroaches (D:1)
  2 goblins (D:1)
  3 jackals (D:1)
  A kobold (D:1)
  A bat (D:1)
  A frilled lizard (D:1)
  A rat (D:1)
12 creatures vanquished.

Notes
Turn   | Place    | Note
-------+----------+-------------------------------------------
     0 | D:1      | Esekla the Demonspawn Wanderer began the quest for the Orb.
     0 | D:1      | Esekla set off with the following items: a +0 club, a
                  | potion of curing, a +0 robe, a ration; and the following
                  | spells available to memorise: Sandblast, Shock, Passwall,
                  | Stone Arrow, Mephitic Cloud, Petrify, Lee's Rapid
                  | Deconstruction
     0 | D:1      | Reached XP level 1. HP: 18/18 MP: 2/2
     2 | D:1      | Learned a level 1 spell: Shock
   341 | D:1      | Gained mutation: A weak demonic guardian rushes to your
                  | aid. [demonic ancestry]
   341 | D:1      | Reached XP level 2. HP: 24/24 MP: 0/3
   502 | D:$      | Got out of the dungeon alive.

Levels and vault maps discovered:
D:1:      nzn_arrival_depleted_hourglass, layout_loops_ring, serial_park_tiny_1

Action                   || total
-------------------------++-------
Melee: Club              ||     7
       Dagger            ||    23
 Cast: Shock             ||     9
Armor: Robe              ||     8
Dodge: Dodged            ||    24

Table legend:
 A = Non-vault XP
 B = Vault XP
 C = Vault XP percentage of total XP
 D = Non-vault monster count
 E = Vault monster count
 F = Vault count percentage of total count
                 A         B        C        D         E       F
            +---------+---------+-------+---------+---------+-------
      Total |      22 |       0 |   0.0 |      12 |       0 |   0.0
            +---------+---------+-------+---------+---------+-------
        D:1 |      22 |       0 |   0.0 |      12 |       0 |   0.0
            +---------+---------+-------+---------+---------+-------
